Map: Sanctuary III LE

Players

REINIER

  • Race: Protoss Protoss
  • League: Platinum

Apollo - Winner!

  • Race: Protoss Protoss
  • League: Gold

VOD

Have the link to the VOD?

Description

PvP fun in medal leagues, swapped map sides after cannon rush

Time

  • Played on: Oct. 15, 2026, 8:48 p.m.
  • Length: 20:39
Show
View Real Time Build Order
Export as new Build Order

REINIER Protoss 

Build Orders:  

Get SALT Encoding   

  12  0:02  Probe (Chrono Boost)  
  13  0:12  Probe (Chrono Boost)  
  14  0:21  Pylon  
  14  0:32  Probe  
  15  0:40  Forge  
  15  0:49  Assimilator  
  15  0:56  Probe  
  16  1:09  Probe  
  17  1:11  Pylon  
  17  1:22  Probe  
  18  1:37  Photon Cannon  
  18  1:38  Photon Cannon  
  18  2:03  Pylon  
  18  2:23  Photon Cannon  
  18  2:27  Photon Cannon  
  18  2:33  Photon Cannon  
  18  2:46  Photon Cannon  
  18  2:48  Photon Cannon  
  18  2:53  Photon Cannon  
  18  3:08  Pylon  
  18  3:10  Pylon  
  18  3:12  Pylon  
  18  3:24  Photon Cannon  
  18  3:46  Nexus  
  18  4:03  Probe  
  19  4:14  Photon Cannon  
  19  4:15  Probe  
  19  4:16  Photon Cannon  
  20  4:19  Photon Cannon  
  20  4:22  Assimilator  
  20  4:30  Assimilator  
  20  4:42  Gateway  
  20  5:00  Probe (Chrono Boost)  
  21  5:10  Probe (Chrono Boost)  
  23  5:15  Probe (Chrono Boost)  
  23  5:20  Probe (Chrono Boost)  
  24  5:23  Probe (Chrono Boost)  
  24  5:27  Probe (Chrono Boost)  
  24  5:28  Probe (Chrono Boost), Photon Cannon  
  26  5:31  Photon Cannon  
  27  5:36  Photon Cannon  
  27  5:43  Probe (Chrono Boost)  
  27  5:44  Cybernetics Core  
  28  5:55  Probe (Chrono Boost)  
  29  6:00  Probe (Chrono Boost)  
  30  6:06  Probe (Chrono Boost)  
  31  6:14  Probe (Chrono Boost)  
  31  6:17  Probe (Chrono Boost)  
  33  6:19  Zealot  
  33  6:22  Probe (Chrono Boost)  
  33  6:24  Probe (Chrono Boost)  
  37  6:27  Probe (Chrono Boost)  
  38  6:36  Pylon  
  38  6:38  Probe  
  39  6:45  Shield Battery  
  39  6:50  Probe, Pylon  
  39  6:53  Pylon  
  40  7:02  Probe  
  40  7:05  Stargate  
  40  7:35  Stargate  
  40  7:37  Stargate  
  40  7:45  Nexus  
  40  7:47  Pylon  
  40  7:49  Pylon  
  40  7:53  Pylon  
  40  7:55  Pylon  
  40  7:56  Assimilator  
  41  8:05  Probe (Chrono Boost)  
  41  8:15  Void Ray  
  41  8:17  Probe (Chrono Boost)  
  46  8:21  Probe (Chrono Boost)  
  47  8:30  Stargate  
  47  8:32  Probe  
  48  8:36  Cybernetics Core  
  48  8:44  Probe  
  48  8:47  Pylon  
  49  8:54  Pylon  
  49  8:59  Protoss Air Weapons Level 1 (Chrono Boost), Shield Battery, Void Ray x2  
  49  9:00  Void Ray  
  61  9:10  Probe (Chrono Boost)  
  62  9:20  Probe (Chrono Boost)  
  62  9:22  Void Ray  
  67  9:25  Probe (Chrono Boost)  
  68  9:34  Fleet Beacon  
  68  9:36  Pylon  
  68  9:37  Probe (Chrono Boost)  
  70  9:41  Probe (Chrono Boost)  
  70  9:47  Void Ray  
  70  9:48  Probe (Chrono Boost)  
  75  9:52  Probe (Chrono Boost)  
  76  10:02  Void Ray  
  76  10:04  Probe  
  81  10:10  Void Ray (Chrono Boost)  
  85  10:19  Assimilator  
  85  10:22  Assimilator  
  85  10:27  Flux Vanes  
  85  10:39  Tempest (Chrono Boost)  
  93  10:55  Tempest (Chrono Boost)  
  93  10:58  Protoss Air Armor Level 1 (Chrono Boost)  
  93  11:17  Photon Cannon x2  
  93  11:19  Photon Cannon  
  93  11:20  Photon Cannon  
  93  11:25  Photon Cannon  
  93  11:26  Photon Cannon  
  93  11:28  Photon Cannon  
  93  11:29  Tempest  
  93  11:31  Protoss Air Weapons Level 2 (Chrono Boost)  
  97  11:48  Shield Battery  
  97  11:51  Shield Battery  
  97  11:54  Shield Battery  
  97  11:58  Shield Battery  
  97  11:59  Tempest  
  97  12:00  Photon Cannon  
  101  12:01  Tempest, Photon Cannon  
  105  12:08  Tempest  
  109  12:20  Void Ray  
  81  13:02  Unknown  
  81  13:09  Phoenix (Chrono Boost)  
  81  13:10  Phoenix (Chrono Boost)  
  81  13:11  Phoenix (Chrono Boost)  
  91  13:13  Protoss Air Armor Level 2  
  91  13:15  Void Ray (Chrono Boost)  
  91  13:26  Phoenix x2 (Chrono Boost)  
  50  14:11  Phoenix x2  
  50  14:12  Phoenix x2  
  55  14:24  Stargate  
  55  14:26  Stargate  
  55  14:36  Phoenix x2  
  59  14:48  Void Ray (Chrono Boost)  
  67  14:54  Void Ray (Chrono Boost)  
  67  15:09  Void Ray x2 (Chrono Boost)  
  75  15:30  Void Ray  
  79  16:24  Void Ray x3  
  79  16:25  Void Ray  
  95  16:44  Void Ray  
  99  17:24  Void Ray x3  
  111  17:43  Void Ray  
  115  18:31  Void Ray  
  111  18:35  Phoenix x3  
  117  18:51  Pylon x2  
  117  18:53  Pylon  
  117  18:55  Pylon  
  117  18:56  Pylon  
Show
View Real Time Build Order
Export as new Build Order

Apollo Protoss - Winner!

Build Orders: Carriers 

Get SALT Encoding   

  12  0:01  Probe  
  13  0:13  Probe  
  14  0:27  Pylon  
  14  0:33  Probe  
  14  0:34  Pylon  
  15  0:45  Probe  
  16  0:52  Gateway  
  16  1:02  Pylon  
  16  1:07  Assimilator  
  16  1:13  Probe  
  17  1:23  Gateway  
  17  1:34  Probe (Chrono Boost)  
  18  1:43  Zealot  
  18  1:44  Probe (Chrono Boost)  
  21  1:49  Probe (Chrono Boost)  
  21  2:14  Cybernetics Core  
  20  2:20  Zealot (Chrono Boost)  
  20  2:21  Zealot (Chrono Boost)  
  24  2:58  Nexus  
  20  3:20  Pylon  
  20  4:32  Pylon  
  20  4:39  Gateway  
  20  4:46  Gateway  
  20  4:51  Probe  
  21  4:59  Assimilator  
  21  5:03  Probe  
  22  5:20  Probe  
  23  5:26  Stalker (Chrono Boost)  
  25  5:32  Probe  
  25  5:35  Stargate  
  26  5:37  Assimilator  
  28  5:44  Probe  
  28  5:49  Stalker (Chrono Boost)  
  29  5:51  Stalker (Chrono Boost)  
  29  5:56  Probe  
  32  6:08  Probe  
  32  6:09  Zealot  
  32  6:11  Zealot  
  37  6:20  Probe  
  38  6:26  Pylon  
  38  6:39  Protoss Air Weapons Level 1  
  38  6:43  Void Ray (Chrono Boost)  
  42  6:58  Nexus  
  42  7:04  Pylon  
  42  7:08  Probe  
  43  7:24  Void Ray (Chrono Boost)  
  47  7:45  Nexus  
  47  7:54  Pylon  
  47  7:59  Pylon  
  47  8:07  Void Ray (Chrono Boost)  
  51  8:17  Probe  
  52  8:29  Probe (Chrono Boost)  
  52  8:32  Probe (Chrono Boost)  
  54  8:39  Pylon  
  54  8:40  Probe (Chrono Boost)  
  56  8:43  Probe (Chrono Boost)  
  56  8:45  Probe (Chrono Boost)  
  57  8:52  Probe  
  58  8:56  Probe  
  58  9:01  Void Ray  
  63  9:08  Probe, Stargate  
  64  9:10  Protoss Air Armor Level 1 (Chrono Boost), Probe x2  
  66  9:19  Assimilator  
  66  9:20  Probe  
  66  9:22  Assimilator, Probe  
  68  9:44  Probe (Chrono Boost), Void Ray  
  73  9:51  Assimilator  
  73  9:53  Assimilator  
  73  9:55  Probe (Chrono Boost)  
  73  9:56  Probe (Chrono Boost)  
  75  10:04  Probe x2 (Chrono Boost)  
  75  10:05  Gateway  
  75  10:06  Gateway  
  77  10:09  Probe (Chrono Boost)  
  77  10:10  Probe  
  79  10:20  Probe  
  80  10:22  Probe  
  80  10:28  Fleet Beacon  
  81  10:32  Pylon  
  81  10:34  Probe x2 (Chrono Boost)  
  81  10:35  Pylon  
  85  10:44  Probe x2 (Chrono Boost)  
  85  10:50  Probe (Chrono Boost)  
  85  10:51  Probe (Chrono Boost)  
  85  10:52  Void Ray x2  
  95  10:58  Probe  
  95  11:01  Probe x2  
  98  11:09  Warp Gate (Chrono Boost)  
  98  11:10  Probe  
  99  11:13  Probe x2  
  101  11:23  Probe  
  101  11:25  Probe x2  
  104  11:26  Nexus  
  104  11:29  Pylon  
  104  11:32  Pylon  
  104  11:33  Pylon  
  104  11:37  Pylon  
  104  11:39  Cybernetics Core  
  104  11:42  Pylon  
  104  11:43  Forge  
  104  11:49  Carrier x2  
  116  12:02  Twilight Council  
  116  12:06  Gateway x2  
  116  12:08  Gateway  
  116  12:10  Gateway  
  116  12:11  Protoss Shields Level 1  
  116  12:19  Protoss Air Weapons Level 2 (Chrono Boost)  
  116  12:30  Gateway  
  116  12:32  Gateway  
  116  12:51  Carrier x2 (Chrono Boost)  
  128  13:01  Probe  
  129  13:10  Nexus  
  129  13:13  Probe  
  129  13:16  Probe x2  
  132  13:21  Protoss Air Armor Level 2 (Chrono Boost)  
  132  13:25  Probe  
  133  13:28  Probe x2  
  135  13:37  Probe  
  135  13:40  Probe x2  
  138  13:48  Carrier (Chrono Boost)  
  144  13:49  Probe  
  144  13:52  Probe  
  126  14:23  Stargate  
  126  14:25  Pylon  
  126  14:27  Pylon, Carrier (Chrono Boost)  
  126  14:29  Pylon  
  132  14:32  Protoss Shields Level 2 (Chrono Boost)  
  132  14:40  Probe x4  
  136  14:52  Probe x3  
  139  15:01  Templar Archives  
  139  15:06  Gateway  
  139  15:07  Gateway  
  139  15:09  Gateway  
  139  15:11  Photon Cannon  
  139  15:13  Photon Cannon  
  139  15:16  Photon Cannon  
  139  15:17  Assimilator  
  139  15:18  Photon Cannon, Carrier (Chrono Boost)  
  139  15:20  Assimilator  
  139  15:21  Photon Cannon  
  139  15:23  Photon Cannon  
  139  15:24  Carrier x2 (Chrono Boost), Protoss Air Weapons Level 3 (Chrono Boost)  
  157  15:41  Protoss Air Armor Level 3 (Chrono Boost)  
  157  15:50  Nexus  
  157  15:53  Pylon  
  157  15:55  Pylon  
  149  15:58  Pylon  
  149  16:02  Pylon  
  149  16:18  Carrier (Chrono Boost)  
  149  16:23  Carrier (Chrono Boost)  
  155  16:37  Pylon  
  155  16:38  Pylon  
  155  16:39  Probe  
  156  16:41  Pylon  
  156  16:46  Pylon  
  156  16:48  Pylon  
  156  16:50  Pylon  
  156  16:51  Probe  
  156  16:52  Nexus, Pylon  
  154  16:54  Pylon  
  154  16:56  Pylon  
  154  16:58  Pylon  
  154  16:59  Pylon  
  154  17:00  Pylon, Carrier (Chrono Boost)  
  154  17:02  Pylon  
  154  17:03  Probe  
  154  17:06  Pylon  
  155  17:14  Carrier (Chrono Boost)  
  155  17:15  Probe  
  162  17:27  Probe  
  163  17:35  Zealot  
  163  17:36  Zealot x6  
  177  17:37  Zealot  
  179  17:45  Carrier (Chrono Boost)  
  185  18:00  Carrier (Chrono Boost)  
  191  18:55  High Templar x4  
Tags
 
Composition
Carriers
Matchup
PvP
Add a new tag
Caveats
  • Supply blocks, unpowered buildings, or Contaminate may cause inaccurate times.
  • Supply counts are checked every 10 seconds.